 Dungeon Crawl Stone Soup version 0.23-a0-891-g41af670 (webtiles) character file.

Game seed: 11375

9745 Geeful the Thaumaturge (level 11, -3/59 HPs)
             Began as a Deep Elf Earth Elementalist on Jan 28, 2019.
             Was a Priest of Nemelex Xobeh.
             Slain by an orc knight
             ... wielding a +0 great sword
              (34 damage)
             ... in a bailey on Feb 2, 2019.
             The game lasted 01:15:32 (12288 turns).

Geeful the Thaumaturge (DEEE)                      Turns: 12288, Time: 01:15:33

Health: -3/59      AC:  4    Str:  3    XL:     11   Next: 27%
Magic:  18/28      EV: 20    Int: 24    God:    Nemelex Xobeh [***...]
Gold:   412        SH:  5    Dex: 17    Spells: 14/33 levels left

rFire    + . .     SeeInvis .   a - +2 dagger (drain)
rCold    + . .     Gourm    .   l - +0 buckler
rNeg     . . .     Faith    .   c - +1 robe
rPois    .         Spirit   .   F - +0 helmet (curse)
rElec    .         Reflect  .   H - scarf {rC+ rF+}
rCorr    .         Harm     .   (no gloves)
MR       +....                  (no boots)
Stlth    ++........             f - amulet of regeneration
HPRegen  0.59/turn              (no ring)
MPRegen  0.21/turn              (no ring)

@: no status effects
A: agile 1, robust 1, weak 1
a: Draw Escape, Draw Destruction, Draw Summoning, Triple Draw, Renounce Religion


You were in a bailey.
You worshipped Nemelex Xobeh.
Nemelex Xobeh was most pleased with you.
You were hungry.

You visited 2 branches of the dungeon, and saw 13 of its levels.
You also visited: Bailey.

You collected 580 gold pieces.
You spent 168 gold pieces at shops.

Inventory:

Hand Weapons
 a - a +2 dagger of draining (weapon)
 b - a +0 blowgun
 k - a +1 dagger
 p - a cursed -1 short sword
 y - a +0 shortbow
Missiles
 s - 6 curare-tipped needles
 z - 270 arrows
 I - a stone (quivered)
Armour
 c - a +1 robe (worn)
 l - a +0 buckler (worn)
 F - a cursed +0 helmet (worn)
 H - a scarf of resistance (worn)
Jewellery
 f - an amulet of regeneration (around neck)
Wands
 o - a wand of acid (24)
 u - a wand of iceblast (5)
 B - a wand of disintegration (15)
 E - a wand of flame (11)
Scrolls
 e - 5 scrolls of remove curse
 j - 2 scrolls of noise {unknown}
 n - a scroll of amnesia {unknown}
 t - a scroll of summoning {unknown}
 v - a scroll of teleportation
 w - a scroll of fear {unknown}
 x - a scroll of magic mapping
 D - a scroll of identify
 G - 2 scrolls of enchant armour
 J - a scroll of vulnerability {unknown}
Potions
 g - 2 potions of curing
 h - a potion of berserk rage
 i - a potion of magic
 m - a potion of agility
 q - a potion of resistance
 r - a potion of haste {unknown}
 A - a potion of flight {unknown}
 C - a potion of degeneration {unknown}
 K - 4 potions of might {unknown}
Comestibles
 d - 19 rations
 L - 6 chunks of flesh


   Skills:
 + Level 10.6 Dodging
 - Level 2.5 Stealth
 - Level 4.2 Shields
 + Level 11.7 Spellcasting
 - Level 1.1 Transmutations
 + Level 10.2 Earth Magic
 + Level 8.2 Invocations


You had 14 spell levels left.
You knew the following spells:

 Your Spells              Type           Power        Failure   Level  Hunger
a - Sandblast             Erth           ######       1%          1    None
b - Passwall              Tmut/Erth      #####...     1%          2    None
c - Stone Arrow           Conj/Erth      #####.       1%          3    None
d - Petrify               Tmut/Erth      #####...     4%          4    None
e - Lee's Rapid Deconstr  Erth           ######....   1%          5    ###....
f - Shroud of Golubria    Chrm/Tloc      ##........   7%          2    None
g - Apportation           Tloc           ##....       4%          1    None
h - Confusing Touch       Hex            ##....       4%          1    None

Your spell library contained the following spells:

 Spells                   Type           Power        Failure   Level  Hunger
 Animate Skeleton         Necr           N/A          4%          1    None
 Infusion                 Chrm           ##..         4%          1    None
 Summon Small Mammal      Summ           ##..         4%          1    None
 Song of Slaying          Chrm           ##......     7%          2    None
 Regeneration             Chrm/Necr      ##........   13%         3    None
 Spectral Weapon          Hex/Chrm       ##......     13%         3    None


Dungeon Overview and Level Annotations

Branches:
Dungeon (12/15)            Temple (1/1) D:4            Lair (0/6) D:11
    Orc (0/2) D:9

Altars:
Ashenzari
Dithmenos
Fedhas
Gozag
Hepliaklqana
Nemelex Xobeh
Okawaru
Qazlal
Ru
Sif Muna
Trog
Wu Jian
Xom
Yredelemnul
Zin
The Shining One

Shops:
D:8 (   D:10 %

Annotations:
D:7 2 transporters


Innate Abilities, Weirdness & Mutations

You are agile. (Dex +2)
You are robust. (+10% HP)
You are weak. (Str -2)


Message History

Confirm with . or Enter, or press ? or * to list all spells.
Aiming: Lee's Rapid Deconstruction (safe; 1% risk of failure)
Press: ? - help, Dir - move target cursor, p - orc knight A stone wall.
Okay, then.
Things that are here:
4 tomahawks of returning; a hobgoblin skeleton x2
Casting: Lee's Rapid Deconstruction (safe; 1% risk of failure)
Confirm with . or Enter, or press ? or * to list all spells.
Aiming: Lee's Rapid Deconstruction (safe; 1% risk of failure)
Press: ? - help, Dir - move target cursor, p - orc knight A stone wall.
The wall shatters!
The blast of rock fragments hits the orc knight.
The orc knight is heavily wounded.
You are feeling hungry.
The orc knight hits you with a +0 great sword!!
Ouch! That really hurt!
You die...
Your body glows with a rainbow of weird colours and disappears.

#.# #.# #.#.###.###.#
#'##'##'###'##'##'##
#.....# ##..(..##
###.g...#####.)..(###
#.'..g..'.#.(..∩..'.#
###....)#####...((###
##....K## ##..(.(##
##'##'##o###(##'##'##
#.###.###@()###.###∩#
### ### ##### ### ###


You could see an orc knight, a gnoll, a hobgoblin and a kobold.

Vanquished Creatures
  3 two-headed ogres
  An ugly thing (D:11)
  A troll (D:11)
  3 hippogriffs
  Sigmund (D:4)
  A spriggan (D:11)
  3 yaks (D:11)
  A wyvern (D:10)
  A hungry ghost (D:11)
  A warg (D:6)
  2 water moccasins (D:8)
  A porcupine (D:10)
  2 sky beasts
  4 ice beasts
  5 orc warriors
  A phantom (D:3)
  A necrophage (D:10)
  3 ogres
  12 centaurs
  2 big kobolds
  A big kobold (shapeshifter) (D:9)
  4 bullfrogs
  A water moccasin zombie (D:6)
  10 scorpions
  A wyvern skeleton (D:9)
  A killer bee (D:6)
  3 howler monkeys (D:7)
  2 bullfrog zombies
  A crimson imp (D:9)
  2 hounds (D:8)
  2 bullfrog skeletons
  A jelly (D:10)
  6 orc priests
  2 centaur skeletons
  9 orc wizards
  Terence (D:3)
  2 iguanas (D:9)
  7 worker ants
  A hound zombie (D:11)
  A howler monkey zombie (D:11)
  9 gnolls (Bailey)
  9 adders
  7 shadow imps
  An ufetubus (D:10)
  7 worms
  A dart slug (D:1)
  6 leopard geckos
  53 orcs
  3 giant cockroaches
  8 goblins
  7 hobgoblins
  4 jackals
  4 quokkas
  2 ball pythons
  5 bats
  3 frilled lizards
  30 kobolds
  A quokka skeleton (D:6)
  A quokka zombie (D:5)
  5 rats
273 creatures vanquished.

Notes
Turn   | Place    | Note
-------+----------+-------------------------------------------
     0 | D:1      | WeeklyChallenge the Deep Elf Earth Elementalist began the
                  | quest for the Orb.
     0 | D:1      | Reached XP level 1. HP: 10/10 MP: 6/6
   212 | D:1      | Reached XP level 2. HP: 11/15 MP: 8/8
   392 | D:1      | Learned a level 2 spell: Passwall
  1259 | D:2      | Reached XP level 3. HP: 19/19 MP: 7/10
  1287 | D:2      | Learned a level 3 spell: Stone Arrow
  1662 | D:2      | Reached skill level 4 in Spellcasting
  2540 | D:2      | Gained mutation: Your spells are a little harder to cast,
                  | but a little more powerful. [potion of mutation]
  2540 | D:2      | Gained mutation: You are resistant to hostile enchantments.
                  | (MR+) [potion of mutation]
  2540 | D:2      | Gained mutation: You have a pair of small antennae on your
                  | head. [potion of mutation]
  2541 | D:2      | Lost mutation: You are resistant to hostile enchantments.
                  | (MR+) [potion of mutation]
  2541 | D:2      | Lost mutation: You have a pair of small antennae on your
                  | head. [potion of mutation]
  2541 | D:2      | Lost mutation: Your spells are a little harder to cast, but
                  | a little more powerful. [potion of mutation]
  2541 | D:2      | Gained mutation: You are weak. (Str -2) [potion of
                  | mutation]
  2541 | D:2      | Gained mutation: You are agile. (Dex +2) [potion of
                  | mutation]
  2541 | D:2      | Gained mutation: You are robust. (+10% HP) [potion of
                  | mutation]
  2571 | D:3      | Noticed a phantom
  2684 | D:3      | Found a shattered altar of Ashenzari.
  2693 | D:3      | Reached XP level 4. HP: 26/26 MP: 9/12
  2747 | D:4      | Noticed an ogre
  2837 | D:3      | Killed a phantom
  2837 | D:3      | Reached skill level 5 in Spellcasting
  2837 | D:3      | Reached XP level 5. HP: 30/30 MP: 1/14
  3019 | D:3      | Found a faded altar of an unknown god.
  3204 | D:3      | Found a glowing golden altar of the Shining One.
  3205 | D:3      | Found a stormy altar of Qazlal.
  3259 | D:3      | Noticed Terence
  3264 | D:3      | Killed Terence
  3316 | D:3      | Learned a level 4 spell: Petrify
  3359 | D:4      | Reached skill level 5 in Earth Magic
  3411 | D:4      | Reached XP level 6. HP: 35/35 MP: 10/16
  3524 | D:4      | Reached skill level 5 in Dodging
  3527 | D:4      | Reached skill level 6 in Spellcasting
  3746 | D:4      | Learned a level 5 spell: Lee's Rapid Deconstruction
  3790 | D:4      | Reached XP level 7. HP: 38/39 MP: 4/18
  4007 | D:4      | Found a staircase to the Ecumenical Temple.
  4022 | Temple   | Entered the Ecumenical Temple
  4089 | Temple   | Became a worshipper of Nemelex Xobeh the Trickster
  4210 | D:4      | Noticed Sigmund
  4220 | D:4      | Killed Sigmund
  4220 | D:4      | Reached skill level 1 in Invocations
  4450 | D:5      | Entered Level 5 of the Dungeon
  4518 | D:5      | Reached skill level 7 in Spellcasting
  4740 | D:5      | Received a gift from Nemelex Xobeh
  4773 | D:5      | Found a basalt altar of Yredelemnul.
  4964 | D:5      | Reached XP level 8. HP: 16/45 MP: 17/21
  5394 | D:6      | Found a blossoming altar of Fedhas.
  5562 | D:6      | Reached * piety under Nemelex Xobeh
  5600 | D:7      | Found a transporter.
  5727 | D:6      | Reached skill level 8 in Spellcasting
  5901 | D:6      | Found a sacrificial altar of Ru.
  5902 | D:6      | Found a glowing silver altar of Zin.
  5904 | D:6      | Found a deep blue altar of Sif Muna.
  5908 | D:6      | Found an ornate altar of the Wu Jian Council.
  5908 | D:6      | Found an opulent altar of Gozag.
  5912 | D:6      | You fall through a shaft!
  5981 | D:8      | Received a gift from Nemelex Xobeh
  5991 | D:8      | Learned a level 2 spell: Shroud of Golubria
  6042 | D:7      | Found a transporter.
  6130 | D:6      | Found a blossoming altar of Fedhas.
  6369 | D:7      | Reached XP level 9. HP: 22/49 MP: 17/23
  6643 | D:7      | Reached skill level 1 in Shields
  6752 | D:7      | Reached ** piety under Nemelex Xobeh
  6905 | D:7      | Learned a level 1 spell: Apportation
  6907 | D:7      | Learned a level 1 spell: Confusing Touch
  6956 | D:8      | Received a gift from Nemelex Xobeh
  7165 | D:8      | Found Roarekh's Antique Weapon Emporium.
  7178 | D:8      | Bought a bloodstained mace for 168 gold pieces
  7200 | D:8      | Identified the +0 mace of Okawaru's Approval {freeze, rC+}
                  | (You bought it in a shop on level 8 of the Dungeon)
  7348 | D:8      | Noticed a two-headed ogre
  7382 | D:8      | Killed a two-headed ogre
  7382 | D:8      | Reached skill level 9 in Spellcasting
  7382 | D:8      | Reached skill level 5 in Invocations
  7899 | D:9      | Reached XP level 10. HP: 46/55 MP: 23/25
  7954 | D:10     | Entered Level 10 of the Dungeon
  8011 | D:9      | Found a hazy altar of Hepliaklqana.
  8457 | D:9      | Noticed a two-headed ogre
  8481 | D:9      | Killed a two-headed ogre
  8481 | D:9      | Reached skill level 10 in Spellcasting
  8856 | D:9      | Found a staircase to the Orcish Mines.
  9387 | D:10     | Found Herus's Food Shop.
  9499 | D:10     | Reached *** piety under Nemelex Xobeh
  9499 | D:10     | Received a gift from Nemelex Xobeh
  9693 | D:10     | Noticed a two-headed ogre
  9711 | D:10     | Killed a two-headed ogre
 10149 | D:11     | Reached skill level 11 in Spellcasting
 10155 | D:11     | Reached skill level 10 in Dodging
 10238 | D:11     | Found a staircase to the Lair.
 10700 | D:11     | Reached XP level 11. HP: 59/59 MP: 22/28
 11009 | D:11     | Reached skill level 10 in Earth Magic
 11482 | D:11     | Received a gift from Nemelex Xobeh
 11572 | D:11     | Noticed a white ugly thing
 11604 | D:11     | Killed a purple ugly thing
 11964 | D:12     | Found a flagged portal.
 11995 | Bailey   | Entered a bailey
 12148 | Bailey   | Noticed an orc knight
 12288 | Bailey   | Slain by an orc knight

Vault maps used:
D:1:      erik_arrival_blinker_ship, wad_woods_river_04
D:3:      nicolae_overflow_hidden_temple, chequers_ecumenical_altar_twisty,
          nrook_mini_vaults, uniq_terence
D:4:      minmay_temple_entry_hall, first_ration, uniq_sigmund
D:5:      basic_altar
D:6:      minitemple, fedhas_altar_1
D:7:      gammafunk_cloud_chamber
D:8:      serial_shops, nicolae_shop_trees
D:9:      lemuel_coloured_pillars_altar, hiddenorc2_lemuel
D:10:     serial_shops, kennysheep_little_box
D:11:     david_lair_shrubbed, the_bakery
D:12:     special_room, enter_bailey_3, chequers_decorated_corner
D:13:     gauntlet_entry_generic, uniq_snorg, uniq_josephine, uniq_erolcha
D:14:     minmay_general_purpose_star, lightli_vaults_fourway_checkpoint,
          corexii_corridor_pit, uniq_rupert
D:15:     hangedman_depths_entry_try_elsewhere_first, minmay_fire_ice_demons
Temple:   dpeg_chambers_temple
Lair:1:   infiniplex_staircase_pool, grunt_megastairs_3
Lair:2:   nicolae_volcano_entry_s_turn, wad_woods_antlair,
          infiniplex_staircase_pool_2
Lair:3:   grunt_megastairs_5, minmay_lair_oklob_chamber
Lair:4:   elwin_shoals_entry_rocks, nicolae_spider_entry_orb_guardian,
          minivault_26
Lair:5:   lemuel_fruit_tree
Lair:6:   evilmike_catoblepas_cave, dpeg_slime_entry_enclosed_altar
Shoals:3: nicolae_shoals_square_sea_wall, uniq_louise
Shoals:4: shoals_end_simple, shoals_ilsuiw_ice, uniq_kirke
Spider:1: drop_trap, nicolae_spider_circle_web
Spider:3: ebering_ghost_rock_garden
Spider:4: spider_rune_water, uniq_arachne
Slime:3:  cheibrodos_slime_lost_civilization_5
Slime:4:  cheibrodos_slime_lost_civilization_10
Orc:2:    st_orc_rangers
Elf:1:    evilmike_minifort, small_chamber_with_monster, nrook_loot_triangle,
          uniq_roxanne
Elf:2:    lemuel_elevator
Elf:3:    elf_hall_gauntlet_wide, serial_shops, nicolae_shop_waterfront,
          nicolae_elf_big_sculpture_1
Vaults:1: nicolae_vaults_disjoint_gnomons, v_misc_26, v_misc_24, v_misc_23,
          nicolae_vaults_angled_halls, nicolae_vaults_angled_halls, v_misc_23,
          dpeg_vaults_monster_box
Vaults:2: v_misc_8, vaults_dpeg_spiral, st_smaller_cells, v_alt_pattern_2,
          vaults_dpeg_cross, v_pattern_4, v_alt_pattern_3,
          ontoclasm_vaults_spin, vaults_dpeg_encased_lava, serial_shops, shop,
          uniq_frederick
Vaults:3: v_misc_18, ontoclasm_vaults_eye, v_misc_12, vaults_mumra_minichess,
          hangedman_vaults_restitches, minmay_crypt_entry_simple_walls,
          v_rooms_4, vaults_mumra_chevron_long, vaults_room_stairs_pillars,
          vaults_room_semicircle, nicolae_vaults_circle_grid_b,
          nicolae_vaults_little_squares_6, uniq_sojobo, uniq_mara, uniq_nikola
Vaults:4: v_misc_18, v_misc_9, vaults_room_pool, nicolae_vaults_triangles,
          vaults_room_semicircle, nicolae_vaults_rhombus_6, serial_ice_g,
          v_misc_30, nicolae_vaults_little_squares_6, vaults_dpeg_diagonal,
          v_misc_13, nicolae_vaults_border_crossing, v_alt_pattern_6,
          nicolae_vaults_theta, vaults_room_door_ring, vaults_dpeg_hooks
Vaults:5: serial_shops
Crypt:1:  basic_altar, serial_sigils_hangedman_shear, uniq_mennas,
          uniq_saint_roka
Crypt:2:  cheibrodos_crypt_eye_of_stone, fountainhead
Crypt:3:  church_of_pain_bobbens, nicolae_crypt_ancient_font
Depths:1: hell_entry, serial_sigils_hangedman_scar, kennysheep_nondescript,
          nrook_mini_backslash, hangedman_decor_clover_reticule,
          minmay_shattered_shrine
Depths:2: evilmike_marble_ring, hell_entry, serial_glass, glass_columns_c,
          glass_columns_c, glass_columns_b, glass_columns_c, glass_columns_b,
          glass_columns_a, hangedman_decor_opposing,
          kennysheep_underground_church
Depths:3: hangedman_pleasuredromes, pan_entry, hell_entry
Depths:4: hangedman_screamer, serial_rivers, chequers_serial_rivers_small_a,
          chequers_serial_rivers_small_3, chequers_serial_rivers_small_a,
          chequers_serial_rivers_large_a, marbit_kobold_abyss_entry,
          lightli_too_deep, minmay_hedge_maze, evilmike_spriggan_trog_shrine
Depths:5: lemuel_castle_with_subvaults, pf_dread_powers_of_hell,
          minmay_misc_feat_alley
Dis:7:    dis_st
Geh:5:    nicolae_geh_lava_in_the_way, lemuel_elevator
Geh:6:    nicolae_geh_sunburst
Geh:7:    evilmike_geh
Coc:2:    serial_ice, serial_ice_h, serial_ice_o, serial_ice_g, serial_ice_e,
          serial_ice_n
Coc:6:    serial_ice, serial_ice_g, serial_ice_d, serial_ice_b, serial_ice_h
Coc:7:    coc_hangedman
Tar:1:    lemuel_nasty_fountain
Tar:5:    lemuel_elevator, grunt_megastairs_2
Tar:6:    nicolae_tar_cuneiform_heaven
Tar:7:    tar_minmay_river
Zot:1:    ebering_ghost_disaster_area
Zot:3:    st_small_dragon_hoard_1, st_large_dragon_hoard_1
Zot:4:    nicolae_moth_party, hangedman_zot_decor_scrapings, nzn_random_ring,
          lemuel_elevator, grunt_megastairs_1
Bailey:   bailey_axe_2, bailey

Skill      XL: |  1  2  3  4  5  6  7  8  9 10 11 |
---------------+----------------------------------+-----
Dodging        | 3 4 5 6 7 8 10 | 10.6
Earth Magic    | 4 5 6 7 8 9 10 | 10.2
Spellcasting   | 4 5 6 7 8 9 11 | 11.7
Invocations    | 2 4 5 7 8 |  8.2
Shields        | 4 |  4.2
Stealth        | |  2.5
Transmutations | |  1.1

Action                   |  1- 3 |  4- 6 |  7- 9 | 10-12 || total
-------------------------+-------+-------+-------+-------++-------
Melee: Dagger            |   125 |     3 |    78 |   303 ||   509
 Cast: Sandblast         |    34 |    42 |   115 |    95 ||   286
       Stone Arrow       |       |    11 |    12 |    14 ||    37
       Petrify           |       |       |    10 |    32 ||    42
       Lee's Rapid Decon |       |       |    13 |    13 ||    26
       Shroud of Golubri |       |       |     1 |       ||     1
 Abil: Draw Destruction  |       |       |     4 |    14 ||    18
  Use: Scroll            |     5 |     5 |     5 |     2 ||    17
       Potion            |     2 |       |     3 |     1 ||     6
 Stab: Sleeping          |     4 |     2 |     8 |     5 ||    19
       Petrified         |       |       |    10 |    82 ||    92
       Petrifying        |       |       |       |     2 ||     2
       Distracted        |       |       |       |     1 ||     1
  Eat: Chunk             |     6 |     3 |    16 |    12 ||    37
       Ration            |       |       |       |     1 ||     1
Armor: Robe              |     8 |     2 |    17 |    19 ||    46
Dodge: Dodged            |    30 |    13 |    93 |   244 ||   380
Block: Buckler           |       |       |     4 |    80 ||    84

Table legend:
 A = Non-vault XP
 B = Vault XP
 C = Vault XP percentage of total XP
 D = Non-vault monster count
 E = Vault monster count
 F = Vault count percentage of total count
                 A         B        C        D         E       F
            +---------+---------+-------+---------+---------+-------
      Total |   12656 |    1266 |   9.1 |     216 |      57 |  20.9
            +---------+---------+-------+---------+---------+-------
        D:1 |      22 |       0 |   0.0 |      14 |       0 |   0.0
        D:2 |      72 |       0 |   0.0 |      20 |       0 |   0.0
        D:3 |     195 |      38 |  16.3 |      15 |       1 |   6.2
        D:4 |     517 |     227 |  30.5 |      19 |       1 |   5.0
        D:5 |     358 |       0 |   0.0 |      17 |       0 |   0.0
        D:6 |     719 |       0 |   0.0 |      17 |       0 |   0.0
        D:7 |     810 |       0 |   0.0 |      15 |       0 |   0.0
        D:8 |    2102 |       3 |   0.1 |      22 |       1 |   4.3
        D:9 |    1849 |     628 |  25.4 |      13 |      30 |  69.8
       D:10 |    1856 |       0 |   0.0 |      21 |       0 |   0.0
       D:11 |    4156 |     220 |   5.0 |      43 |       1 |   2.3
       D:12 |       0 |       7 | 100.0 |       0 |       4 | 100.0
     Bailey |       0 |     143 | 100.0 |       0 |      19 | 100.0
            +---------+---------+-------+---------+---------+-------
